AoeStats
← CuongDaLat

Black Forest

507987659Analyzed
4v4 RM · 11d ago on Sep 20, 2026· 26m 41s· 8 players
Game mode
Random Map
Map size
Large (8 player)
Population
200
Speed
Normal
Resources
Standard
Victory
Conquest
Starting age
Dark Age
Ending age
Imperial Age
RankedLock teamsTeams togetherTeam positionsShared explorationLock speedFull tech treeHidden civsTurbo modeCheats
Victory
Defeat
🇹🇼 Spanish · Taiwan
1347
+16
🇹🇼 Bengalis · Taiwan
1347
+16
🇨🇳 Khmer · China
1311
+17
🇮🇳 Turks · India
1293
+18
🇻🇳 Ethiopians · Vietnam
1380
-19
🇻🇳 Turks · Vietnam
1351
-17
🇻🇳 Lithuanians · Vietnam
1315
-16
🇫🇮 Sicilians · Finland
1299
-15
勇敢牛牛
1:15 Loom
13:48 Feudal Age
16:56 Double-Bit Axe
20:24 Castle Age
21:11 Fishing Lines
23:51 Bow Saw
kfcman5566
0:50 Loom
12:40 Feudal Age
13:22 Double-Bit Axe
16:24 Castle Age
14:31 Gold Mining
18:36 Padded Archer Armor
27:11 Wheelbarrow
26:21 Town Watch
CodyRay
11:20 Feudal Age
14:51 Castle Age
12:53 Double-Bit Axe
13:29 Horse Collar
16:05 Bow Saw
17:01 Fishing Lines
18:40 Sanctity
23:03 Fervor
24:49 Redemption
24:32 Loom
25:22 Wheelbarrow
ayushdy2004
11:36 Feudal Age
11:52 Loom
15:41 Double-Bit Axe
18:06 Castle Age
19:36 Fishing Lines
20:42 Gillnets
21:22 Bow Saw
23:02 Wheelbarrow
22:53 Caravan
24:32 Gold Mining
SirBro
8:36 Loom
12:13 Feudal Age
15:55 Castle Age
14:18 Double-Bit Axe
14:40 Fishing Lines
23:43 Wheelbarrow
23:15 Gillnets
25:31 Hand Cart
26:05 Gold Mining
CuongDaLat
12:17 Feudal Age
13:31 Loom
17:53 Castle Age
16:22 Double-Bit Axe
16:25 Horse Collar
23:21 Imperial Age
21:12 Town Watch
22:03 Padded Archer Armor
piecardinap
4:35 Loom
13:30 Feudal Age
14:41 Horse Collar
14:46 Double-Bit Axe
17:12 Castle Age
16:59 Gold Mining
19:50 Wheelbarrow
21:37 Scale Barding Armor
23:09 Light Cavalry
25:01 Stone Mining
mryendl2410
4:01 Loom
11:52 Feudal Age
15:45 Castle Age
14:16 Double-Bit Axe
14:25 Horse Collar
15:32 Gold Mining
16:00 Fletching
17:18 Bodkin Arrow
17:54 Crossbowman
20:04 Padded Archer Armor
22:43 Ballistics
26:43 Wheelbarrow
Connection lost

Rejoining the realm…

Still unreachable

The connection could not be restored.

Session expired

The server has moved on; the page needs a fresh start.